 Dungeon Crawl Stone Soup version 0.27-a0-1245-g940ed4fa31 (webtiles) character file.

Game seed: 8801515872651240198

23 funkygono the Skirmisher (level 2, 27/27 HPs)
             Began as a Minotaur Fighter on June 10, 2021.
             Got out of the dungeon alive.
             The game lasted 00:01:28 (811 turns).

funkygono the Skirmisher (Minotaur Fighter)          Turns: 811, Time: 00:01:28

Health: 27/27      AC:  7    Str: 20    XL:     2   Next: 75%
Magic:  1/1        EV:  7    Int:  5    God:
Gold:   18         SH:  9    Dex:  9    Spells: 1/1 levels left

rFire    . . .     SeeInvis .   a - +0 flail
rCold    . . .     Faith    .   c - +0 kite shield
rNeg     . . .     Spirit   .   b - +0 scale mail
rPois    .         Reflect  .   (helmet restricted)
rElec    .         Harm     .   (no cloak)
rCorr    .         Rampage  .   (no gloves)
Will     .....                  (no boots)
Stlth    ..........             (no amulet)
HPRegen  0.09/turn              (no ring)
MPRegen  0.07/turn              (no ring)

@: no status effects
A: horns 2, retaliatory headbutt
a: no special abilities


You escaped.
You visited 1 branch of the dungeon, and saw 1 of its levels.

You collected 18 gold pieces.

Inventory:

Hand Weapons
 a - a +0 flail (weapon)
Armour
 b - a +0 scale mail (worn)
 c - a +0 kite shield (worn)
Jewellery
 h - an amulet of regeneration
Scrolls
 g - a scroll of enchant armour {unknown}
Potions
 d - a potion of might
 e - a potion of brilliance {unknown}
 f - a potion of curing {unknown}
 i - a potion of heal wounds {unknown}


   Skills:
 + Level 4.1 Fighting
 + Level 2.9 Maces & Flails
 + Level 3.9 Armour
 + Level 4.0 Shields


You had one spell level left.
You didn't know any spells.
Your spell library contained the following spells:

 Spells                   Type           Power      Damage    Failure   Level
 Animate Skeleton         Necr           0%         N/A       99%         1
 Apportation              Tloc           0%         N/A       99%         1
 Corona                   Hex            0%         N/A       99%         1
 Summon Small Mammal      Summ           0%         N/A       99%         1


Dungeon Overview and Level Annotations

Branches:
Dungeon (1/15)

Altars:

Shops:
D:1 :


Innate Abilities, Weirdness & Mutations

You have a pair of horns on your head.
You reflexively headbutt those who attack you in melee.


Message History

The endoplasm is almost dead.
The endoplasm hits you but does no damage.
You sock the endoplasm!
You kill the endoplasm!
h - an amulet of regeneration
i - an orange potion A rat comes into view.
The rat bites you but does no damage.
You hit the rat.
You kill the rat!
You see here a rat corpse.
You open the door.
You see here a +0 short sword.
You open the door.
There is an open door here.
Things that are here:
a +0 whip; 2 stones
Found an escape hatch in the floor.
There is an escape hatch in the floor here.
A goblin comes into view. It is wielding a +0 club.
The goblin shouts!
You closely miss the goblin. You block the goblin's attack.
You closely miss the goblin. You headbutt the goblin.
You kill the goblin!
You see here a +0 club.
Partly explored, can't reach some places.
Partly explored, can't reach some places.
(D) Dungeon
Where to? (? - help)
Okay, then.
You see here a +0 whip.
There is an open door here.
There is an open door here.
There is a stone staircase leading down here.
There is an open door here.
There is an open door here.
There is a staircase leading out of the dungeon here.
There is a staircase leading out of the dungeon here.
Are you sure you want to leave the Dungeon?
This will make you lose the game!
You have escaped!

#...#≈.≈#≈≈≈#.# #.# #.
#...#≈.≈#≈≈.#.####.# #.
#...#≈.≈#≈..#......# #.
#...#...#...##..######.
#...........###.8.>.∩.8
#...........# #########
#...........# #
#...........# #
#.....@.....# #
#...........# #
#############


There were no monsters in sight!

Vanquished Creatures
  A dart slug (D:1)
  3 ball pythons (D:1)
  4 bats (D:1)
  5 endoplasms (D:1)
  A goblin (D:1)
  A hobgoblin (D:1)
  A frilled lizard (D:1)
  2 kobolds (D:1)
  A rat (D:1)
  A bush (D:1)
20 creatures vanquished.

Vanquished Creatures (others)
  2 plants (D:1)
2 creatures vanquished.

Grand Total: 22 creatures vanquished

Notes
Turn   | Place    | Note
-------+----------+-------------------------------------------
     0 | D:1      | funkygono the Minotaur Fighter began the quest for the Orb.
     0 | D:1      | Reached XP level 1. HP: 19/19 MP: 0/0
   134 | D:1      | Reached XP level 2. HP: 27/27 MP: 1/1
   302 | D:1      | Found Ygroapn's Book Shoppe.
   811 | D:$      | Got out of the dungeon alive.

Illustrated notes

Levels and vault maps discovered:
D:1:      lightli_arrival_quake, layout_basic, serial_shops, shop_statue,
          serial_forest, infiniplex_forest_lined_2,
          infiniplex_forest_straight_4, infiniplex_forest_corner_2,
          infiniplex_forest_clump_tiny, infiniplex_forest_clump_medium,
          infiniplex_forest_clump_diagonal

Skill      XL: |  1  2 |
---------------+-------+-----
Fighting       | 4 |  4.1
Shields        | 4 |  4.0
Maces & Flails | |  2.9
Armour         | |  3.9

Action                   || total
-------------------------++-------
Melee: Flail             ||    77
       Headbutt          ||    24
Armor: Scale mail        ||    22
Dodge: Dodged            ||    13
Block: Kite shield       ||    17

Table legend: (Time is in decaauts)
 A = Elapsed time spent in this place.
 B = Non-inter-level travel time spent in this place.
 C = Inter-level travel time spent in this place.
 D = Time resting spent in this place.
 E = Time spent auto-exploring this place.
 F = Levels seen in this place.
 G = Mean time per level.
                   A        B        C        D        E       F      G
               +--------+--------+--------+--------+--------+-----+--------+
         Total |    849 |    750 |     99 |      0 |    551 |   1 |  849.0 |
       Dungeon |    849 |    750 |     99 |      0 |    551 |   1 |  849.0 |
               +--------+--------+--------+--------+--------+-----+--------+

Top non-repeatable levels by time:
     D:1: 849 daAuts
